 Dungeon Crawl Stone Soup version 0.32-a0-747-gc8563f6773 (webtiles) character file.

Game seed: 2651899233548760913

8017 Aldia the Slicer (level 11, -6/86 HPs)
             Began as a Coglin Artificer on Mar 17, 2024.
             Was an Initiate of Gozag.
             Succumbed to a hornet's poison
             ... on level 9 of the Dungeon.
             The game lasted 00:22:36 (11811 turns).

Aldia the Slicer (Coglin Artificer)                Turns: 11811, Time: 00:22:36

Health: -6/86      AC:  8    Str: 12    XL:     11   Next: 24%
Magic:  11/11      EV: 11    Int: 12    God:    Gozag
Gold:   921        SH:  0    Dex: 18    Spells: 8/10 levels left

rFire   . . .        e - +4 dagger (distort) {Gunther}
rCold   . . .        j - +2 dagger (venom) {Wilhemina}
rNeg    . . .        C - +0 scale mail
rPois   .            (no helmet)
rElec   .            (no cloak)
rCorr   .            (no gloves)
SInv    .            t - +0 pair of boots
Will    .....        (amulet unavailable)
Stlth   +            (ring unavailable)
HPRegen 0.34/turn    (ring unavailable)
MPRegen 0.12/turn    (no gizmo)

%: no passive effects
@: lethally poisoned (-6 -> -18), slowed, very slow
A: off-hand wielding, slow wielding, warmup strikes, no jewellery
a: Invent Gizmo, Renounce Religion, Potion Petition, Call Merchant, Bribe Branch


You were on level 9 of the Dungeon.
You worshipped Gozag.
Gozag was pleased with you.
You visited 2 branches of the dungeon, and saw 11 of its levels.
You also visited: Sewer.

You collected 1718 gold pieces.
You spent 165 gold pieces at shops.
You paid 632 gold pieces to Gozag.

Inventory:

Hand Weapons
 a - a +1 dagger of venom {Ana}
 e - a +4 dagger of distortion (weapon) {Gunther}
 h - a +0 short sword of draining {Soledad}
 j - a +2 dagger of venom (offhand) {Wilhemina}
 E - a +2 short sword of holy wrath {Goro}
Missiles
 K - 2 curare-tipped darts
Armour
 b - a +0 leather armour
 q - a +0 ring mail
 t - a +0 pair of boots (worn)
 C - a +0 scale mail (worn)
Wands
 d - a wand of charming (7)
 f - a wand of paralysis (14)
 n - a wand of flame (12) (quivered)
 p - a wand of quicksilver (4)
 y - a wand of polymorph (8)
 H - a wand of roots (2)
 L - a wand of digging (9)
Scrolls
 c - a scroll of vulnerability
 i - 4 scrolls of noise
 k - 2 scrolls of poison
 l - 2 scrolls of fear
 m - a scroll of revelation {unknown}
 o - 8 scrolls of teleportation
 s - a scroll of brand weapon {unknown}
 u - 2 scrolls of immolation
 x - a scroll of fog
 z - a scroll of amnesia
 J - a scroll of summoning {unknown}
Potions
 g - 3 potions of attraction
 r - a potion of lignification
 v - a potion of might
 w - a potion of haste
 A - 3 potions of enlightenment
 B - a potion of cancellation
 D - a potion of heal wounds
 F - a potion of invisibility
 G - 2 potions of ambrosia
 I - a potion of mutation {unknown}


   Skills:
 - Level 8.0 Fighting
 - Level 10.0 Short Blades
 - Level 6.0 Armour
 - Level 6.2 Dodging
 - Level 1.0 Stealth
 + Level 3.4 Translocations
 + Level 6.2 Evocations


You had 8 spell levels left.
You knew the following spells:

 Your Spells              Type           Power      Damage    Failure   Level
a - Blink                 Tloc           16%        N/A       50%         2

Your spell library contained the following spells:

 Spells                   Type           Power      Damage    Failure   Level
 Lesser Beckoning         Tloc           16%        N/A       50%         2
 Momentum Strike          Conj/Tloc      8%         3d8       73%         2
 Kiss of Death            Conj/Necr      0%         2d5       82%         1
 Scorch                   Fire           0%         2d5       91%         2
 Confusing Touch          Hex            0%         N/A       99%         3
 Dispel Undead            Necr           0%         3d6       100%        4
 Flame Wave               Conj/Fire      0%         2d4       100%        4
 Summon Cactus Giant      Summ           0%         N/A       100%        6


Dungeon Overview and Level Annotations

Branches:
Dungeon (10/15)            Temple (1/1) D:4            Lair (0/5) D:9
  Sewer (visited)
    Orc: D:9-12

Altars:
Ashenzari
Cheibriados
Dithmenos
Elyvilon
Fedhas
Gozag
Hepliaklqana
Kikubaaqudgha
Makhleb
Nemelex Xobeh
Okawaru
Qazlal
Ru
Sif Muna
Trog
Uskayaw
Vehumet
Wu Jian
Xom
Yredelemnul
Zin
The Shining One

Shops:
D:7 *   D:9 *

Annotations:
D:6 3 runed translucent doors, sokol815's ghost, novice OpFi
D:7 1 runed translucent door, gimp's ghost, novice FoSh
D:9 3 runed translucent doors, hattop's ghost, novice DrSh


Innate Abilities, Weirdness & Mutations

You can wield a second weapon in your off-hand.
It takes a long time for you to wield or remove held weapons.
Your first few attacks do less damage.
You cannot equip rings or amulets.


Message History

You are more poisoned.
Sonja hits you but does no damage.
You are more poisoned.
Sonja casts a spell.
Sonja blinks!
You feel extremely sick.
Sonja throws a curare-tipped dart.
The curare-tipped dart hits you.
You are more poisoned.
You have difficulty breathing.
You feel as though you will be slow longer.
Sonja throws a curare-tipped dart.
The curare-tipped dart barely misses you.
Unknown command.
You hit Sonja with your +4 dagger of distortion.
You kill Sonja!
You feel very sick.
Training target 6.0 for Armour reached!
Your Armour skill increases to level 6!
Your Translocations skill increases to level 3!
Your Evocations skill increases to level 6!
Unknown command.
You feel extremely sick.
A hornet comes into view.
Things that are here:
7 gold pieces; a +0 dagger of venom; 4 curare-tipped darts You feel very sick.
You now have 921 gold pieces (gained 6).
You feel very sick.
You feel very sick.
You feel sick. The hornet closely misses you.
There is a stone staircase leading up here.
You feel sick. The hornet stings you!
* * * LOW HITPOINT WARNING * * *
You are more poisoned.
You feel as though you will be slow longer.
The hornet barely misses you.
You climb upwards.
Level annotation: 3 runed translucent doors, hattop's ghost, novice DrSh You die...
Your body crumbles into a pile of gold.

#################################
.................................
...........###...................
.###.......# #.##........###(..##
.# #.......# #.##........# #...#
.# #...(...# #.##........# #...##
.# #.......# #.##........# #...##
.# #.......# #..@........# #..###
.# #.......# #.y.........# #..#..
.###.......###...........# #..#..
.........................# #..#.#
...................####).###..##.
.###......###......# #)......#..
.# #..###.# #......# #.......#.#
.# #..# #.# #......# #.)..)..#..
.# #..# #.# #......# #.......##.


You could see a hornet.

Vanquished Creatures
  A two-headed ogre (D:8)
  Sonja (D:10)
  Joseph (D:8)
  Psyche (D:8)
  2 trolls (D:9)
  A slime creature (D:9)
  A steam dragon (D:9)
  Menkaure (D:6)
  An acid dragon (D:9)
  2 water moccasins
  3 orc warriors
  5 ice beasts
  2 wolves (D:9)
  An ogre (D:6)
  A phantom (D:5)
  3 kobold brigands
  3 bullfrogs
  A brain worm (Sewer)
  2 gnoll sergeants
  4 scorpions
  3 wights (D:7)
  26 killer bees
  6 howler monkeys
  4 lava snakes (D:9)
  A bombardier beetle (D:5)
  4 hounds
  9 orc priests
  4 jellies
  4 sleepcaps
  7 orc wizards
  3 iguanas
  13 adders
  21 gnolls
  5 river rats (Sewer)
  A white imp (D:8)
  4 dart slugs
  5 ribbon worms
  36 orcs
  14 ball pythons
  4 endoplasms
  5 giant cockroaches
  6 hobgoblins
  5 jackals
  4 quokkas
  16 bats
  5 frilled lizards
  7 goblins
  28 kobolds
  6 rats
293 creatures vanquished.

Vanquished Creatures (collateral kills)
  A wight (D:7)
  2 orcs
3 creatures vanquished.

Vanquished Creatures (others)
  A howler monkey (D:7)
1 creature vanquished.

Grand Total: 297 creatures vanquished

Notes
Turn   | Place    | Note
-------+----------+-------------------------------------------
     0 | D:1      | Aldia the Coglin Artificer began the quest for the Orb.
     0 | D:1      | Reached XP level 1. HP: 15/15 MP: 1/1
    41 | D:1      | Reached skill level 1 in Dodging
    59 | D:1      | Reached skill level 1 in Stealth
    66 | D:1      | Reached XP level 2. HP: 20/21 MP: 2/2
   234 | D:1      | Reached XP level 3. HP: 16/19 MP: 3/3
   555 | D:1      | Reached skill level 1 in Short Blades
   911 | D:2      | Reached XP level 4. HP: 31/31 MP: 4/4
   937 | D:2      | Reached skill level 2 in Short Blades
  1577 | D:3      | Identified the granite talisman "Vofofyoj" {Str+6}
  1741 | D:3      | Reached XP level 5. HP: 40/40 MP: 5/5
  1758 | D:3      | Reached skill level 3 in Short Blades
  1968 | D:3      | Found a hide-covered altar of Uskayaw.
  1977 | D:3      | Found an iron altar of Okawaru.
  2285 | D:3      | Reached XP level 6. HP: 43/47 MP: 6/6
  2458 | D:4      | You fall into a shaft and drop 1 floor!
  2458 | D:5      | Entered Level 5 of the Dungeon
  2706 | D:4      | Found a glowing drain.
  2711 | Sewer    | Entered a sewer
  2781 | Sewer    | Reached skill level 4 in Short Blades
  2786 | Sewer    | Reached XP level 7. HP: 50/52 MP: 7/7
  3409 | D:4      | Found a staircase to the Ecumenical Temple.
  3439 | Temple   | Entered the Ecumenical Temple
  3510 | Temple   | Became a worshipper of Gozag Ym Sagoz the Greedy
  3656 | D:4      | Found a shadowy altar of Dithmenos.
  4035 | D:5      | Reached skill level 5 in Short Blades
  4183 | D:5      | Reached XP level 8. HP: 54/60 MP: 8/8
  5576 | D:6      | Learned a level 2 spell: Blink
  5752 | D:6      | Reached skill level 6 in Short Blades
  5755 | D:6      | Reached skill level 5 in Fighting
  6239 | D:6      | Noticed Menkaure
  6245 | D:6      | Killed Menkaure
  6246 | D:6      | Reached XP level 9. HP: 35/68 MP: 9/9
  6366 | D:6      | Found a hazy altar of Hepliaklqana.
  6407 | D:6      | Found a runed translucent gate.
  6408 | D:6      | Found a runed translucent gate.
  6409 | D:6      | Found a runed translucent gate.
  6534 | D:6      | Noticed sokol815's ghost (novice OpFi)
  6983 | D:7      | Reached skill level 7 in Short Blades
  7162 | D:7      | Found Umiff's General Store.
  7576 | D:7      | Reached skill level 5 in Dodging
  7625 | D:7      | Bought a scroll of identify for 22 gold pieces
  7625 | D:7      | Bought a potion of invisibility for 88 gold pieces
  7625 | D:7      | Bought a potion of heal wounds for 55 gold pieces
  7717 | D:7      | Noticed gimp's ghost (novice FoSh)
  7848 | D:7      | Reached skill level 8 in Short Blades
  8035 | D:7      | Found a runed translucent door.
  8549 | D:8      | Noticed Joseph
  8554 | D:8      | Paralysed by Joseph for 3 turns
  8569 | D:8      | Killed Joseph
  8570 | D:8      | Reached XP level 10. HP: 15/77 MP: 10/10
  9052 | D:8      | Reached skill level 9 in Short Blades
  9130 | D:8      | Noticed Psyche
  9139 | D:8      | Killed Psyche
  9626 | D:8      | Noticed a two-headed ogre
  9632 | D:8      | Killed a two-headed ogre
  9713 | D:9      | Found a staircase to the Lair.
 10118 | D:9      | Reached skill level 10 in Short Blades
 10363 | D:9      | Reached skill level 5 in Armour
 10721 | D:9      | Reached skill level 1 in Translocations
 10835 | D:9      | Reached XP level 11. HP: 86/86 MP: 11/11
 10836 | D:9      | Reached skill level 5 in Evocations
 11272 | D:9      | Found a runed translucent gate.
 11272 | D:9      | Found a runed translucent gate.
 11272 | D:9      | Found a runed translucent gate.
 11273 | D:9      | Found an opulent altar of Gozag.
 11304 | D:9      | Found Wuet's Demolitions Depot.
 11304 | D:9      | Noticed a fire dragon
 11304 | D:9      | Noticed hattop's ghost (novice DrSh)
 11305 | D:9      | Noticed a centaur warrior
 11305 | D:9      | Noticed a centaur warrior
 11516 | D:9      | Found an ornate altar of the Wu Jian Council.
 11789 | D:10     | Entered Level 10 of the Dungeon
 11789 | D:10     | Noticed Sonja
 11804 | D:10     | Killed Sonja
 11810 | D:10     | HP: 1/86 [hornet (11)]
 11811 | D:9      | Succumbed to a hornet's poison

Illustrated notes

Levels and vault maps discovered:
D:1:      minmay_arrival_doors, layout_rooms
D:2:      layout_loops_ring, kennysheep_generic_room_6
D:3:      layout_loops_ring, amethyst_overflow_temple_binary
D:4:      layout_rooms, mainiacjoe_overflow_chevrons, minmay_temple_entry_fiery,
          portal_sewer_entry_e
D:5:      layout_layer_cave
D:6:      layout_basic, mainiacjoe_overflow_brackets,
          gammafunk_ghost_necromancy, st_stairs_7, uniq_menkaure
D:7:      layout_basic, serial_shops, nicolae_shop_crystal,
          hellmonk_ghost_happy_afterlife, minivault_5, st_stairs_11
D:8:      layout_rooms, uniq_psyche, uniq_joseph
D:9:      kennysheep_big_flooded_room, layout_long_grid, marbit_many_paths,
          erik_lair_orcish_takeover, ebering_ghost_gozag, nicolae_blasting_shop
D:10:     layout_rooms, uniq_sonja, uniq_urug
Temple:   minmay_temple_bridge_d

Skill      XL: |  1  2  3  4  5  6  7  8  9 10 11 |
---------------+----------------------------------+-----
Dodging        | 1 2 3 4 5 6 |  6.2
Stealth        | 1 |  1.0
Armour         | 2 3 4 5 6 |  6.0
Fighting       | 2 3 4 5 6 8 |  8.0
Short Blades   | 1 2 3 4 5 6 8 10 | 10.0
Translocations | 1 3 |  3.4
Evocations     | 6 |  6.2

Action                     |  1- 3 |  4- 6 |  7- 9 | 10-12 || total
---------------------------+-------+-------+-------+-------++-------
  Melee: Dagger            |    84 |   142 |   697 |   319 ||  1242
         Club              |    34 |       |       |       ||    34
         Short sword       |    50 |   153 |   126 |   147 ||   476
 Invoke: Potion Petition   |       |       |     1 |     1 ||     2
  Evoke: Wand              |     7 |     5 |    17 |    15 ||    44
    Use: Scroll            |     3 |     3 |    10 |     1 ||    17
         Potion            |       |       |     2 |     2 ||     4
   Stab: Sleeping          |     2 |     1 |       |       ||     3
         Paralysed         |       |       |     2 |     2 ||     4
         Distracted        |       |       |       |     2 ||     2
 Armour: Leather armour    |    66 |    12 |       |       ||    78
         Ring mail         |       |    80 |    80 |       ||   160
         Scale mail        |       |       |   207 |   150 ||   357
  Dodge: Dodged            |    57 |    69 |   168 |   117 ||   411

Table legend: (Time is in decaauts)
 A = Elapsed time spent in this place.
 B = Non-inter-level travel time spent in this place.
 C = Inter-level travel time spent in this place.
 D = Time resting spent in this place.
 E = Time spent auto-exploring this place.
 F = Levels seen in this place.
 G = Mean time per level.
                   A        B        C        D        E       F      G
               +--------+--------+--------+--------+--------+-----+--------+
         Total |  11712 |  11133 |    579 |    246 |   8708 |  12 |  976.0 |
       Dungeon |  10921 |  10482 |    439 |    246 |   8300 |  10 | 1092.1 |
        Temple |    142 |      2 |    140 |      0 |      0 |   1 |  142.0 |
         Sewer |    648 |    648 |      0 |      0 |    408 |   1 |  648.0 |
               +--------+--------+--------+--------+--------+-----+--------+

Top non-repeatable levels by time:
     D:9: 2015 daAuts
     D:6: 1849 daAuts
     D:5: 1614 daAuts
     D:7: 1262 daAuts
     D:8: 1121 daAuts
     D:2: 902 daAuts
     D:4: 763 daAuts
     D:3: 760 daAuts
   Sewer: 648 daAuts
     D:1: 611 daAuts
  Temple: 142 daAuts
    D:10: 21 daAuts
